 Dungeon Crawl Stone Soup version 0.25-a0-860-gf695395b5c (webtiles) character file.

Game seed: 6849155516276232483, levelgen mode: deterministic

10 Esekla the Charmwright (level 2, -7/16 HPs)
             Began as a Deep Elf Skald on Apr 28, 2020.
             Killed by nerve-wracking pain
             ... invoked by Jessica
              (14 damage)
             ... on level 2 of the Dungeon.
             The game lasted 00:02:28 (810 turns).

Esekla the Charmwright (Deep Elf Skald)              Turns: 810, Time: 00:02:29

Health: -7/16      AC:  3    Str:  8    XL:     2   Next: 10%
Magic:  8/8        EV: 12    Int: 17    God:
Gold:   28         SH:  0    Dex: 14    Spells: 6/7 levels left

rFire    . . .     SeeInvis .   a - +0 falchion
rCold    . . .     Gourm    .   (no shield)
rNeg     . . .     Faith    .   b - +0 leather armour
rPois    .         Spirit   .   (no helmet)
rElec    .         Reflect  .   (no cloak)
rCorr    .         Harm     .   (no gloves)
MR       .....                  (no boots)
Stlth    +.........             (no amulet)
HPRegen  0.05/turn              (no ring)
MPRegen  0.11/turn              (no ring)

@: no status effects
A: no striking features
a: no special abilities


You were on level 2 of the Dungeon.
You were not hungry.

You visited 1 branch of the dungeon, and saw 2 of its levels.

You collected 28 gold pieces.

Inventory:

Hand Weapons
 a - a +0 falchion (weapon)
Armour
 b - a +0 leather armour (worn)
Scrolls
 f - a scroll of magic mapping {unknown}
 g - a scroll of identify {unknown}
 i - a scroll of teleportation {unknown}
Potions
 c - a potion of curing {unknown}
 e - a potion of might {unknown}
 h - a potion of resistance {unknown}
Comestibles
 d - a ration


   Skills:
 - Level 1.5 Fighting
 * Level 2.2 Long Blades
 - Level 0.7 Armour
 + Level 2.6 Dodging
 + Level 3.2 Spellcasting
 - Level 4.4 Charms


You had 6 spell levels left.
You knew the following spells:

 Your Spells              Type           Power        Failure   Level  Hunger
a - Infusion              Chrm           ###.         4%          1    None

Your spell library contained the following spells:

 Spells                   Type           Power        Failure   Level  Hunger
 Song of Slaying          Chrm           ###.....     6%          2    ##.....
 Shroud of Golubria       Chrm/Tloc      ##....       14%         2    ##.....
 Ozocubu's Armour         Chrm/Ice       ##......     28%         3    ###....
 Spectral Weapon          Hex/Chrm       ##......     28%         3    ###....


Dungeon Overview and Level Annotations

Branches:
Dungeon (2/15)

Altars:

Annotations:
D:2 Jessica


Message History

You kill the goblin!
You have reached level 2!
You closely miss the jackal. The jackal barely misses you.
The jackal closely misses you.
You hit the jackal but do no damage. The jackal misses you.
You riposte.
You closely miss the jackal. The jackal barely misses you.
You riposte.
You closely miss the jackal. You hit the jackal.
You kill the jackal!
Things that are here:
a +0 club; a jackal corpse; a goblin corpse
Found a fuming coppery potion.
Jessica the Apprentice Sorceress comes into view.
Jessica misses you.
Jessica casts a spell.
Jessica blinks!
Jessica casts a spell at you. Pain shoots through your body!
Ouch! That really hurt!
You die...

### ### #.. ..#
#.####### #.#
#.#.....# #.#
#.#.#.#####.# #
#.#.#..@.@..#
##.####..<....#####
#.......#####.#
........# #.#
........#####.#
.#######)...#!#
.............#
....###....#.# ..
#....#


You could see Jessica.

Vanquished Creatures
  A goblin (D:2)
  A hobgoblin (D:1)
  2 jackals (D:2)
  2 bats (D:1)
  A frilled lizard (D:1)
  A kobold (D:1)
  3 rats (D:1)
11 creatures vanquished.

Notes
Turn   | Place    | Note
-------+----------+-------------------------------------------
     0 | D:1      | Esekla the Deep Elf Skald began the quest for the Orb.
     0 | D:1      | Reached XP level 1. HP: 12/12 MP: 6/6
   788 | D:2      | Reached XP level 2. HP: 6/16 MP: 8/8
   805 | D:2      | Noticed Jessica
   810 | D:2      | Killed from afar by Jessica

Levels and vault maps discovered:
D:1:      dpeg_arrival_simpleton_a, layout_loops_ring, minmay_misc_feat_alley
D:2:      layout_basic, first_ration, uniq_jessica, uniq_sigmund

Skill      XL: |  1 |
---------------+----+-----
Long Blades    | 2 |  2.2
Fighting       | |  1.5
Armour         | |  0.7
Dodging        | |  2.6
Spellcasting   | |  3.2
Charms         | |  4.4

Action                   || total
-------------------------++-------
Melee: Falchion          ||    44
Armor: Leather armour    ||     8
Dodge: Dodged            ||    32
       Rpst.: Falchion   ||     5

Table legend:
 A = Non-vault XP
 B = Vault XP
 C = Vault XP percentage of total XP
 D = Non-vault monster count
 E = Vault monster count
 F = Vault count percentage of total count
                 A         B        C        D         E       F
            +---------+---------+-------+---------+---------+-------
      Total |      15 |       0 |   0.0 |      11 |       0 |   0.0
            +---------+---------+-------+---------+---------+-------
        D:1 |       9 |       0 |   0.0 |       8 |       0 |   0.0
        D:2 |       6 |       0 |   0.0 |       3 |       0 |   0.0
            +---------+---------+-------+---------+---------+-------
